 Dungeon Crawl Stone Soup version 0.31.0-1-g2c135a0 (webtiles) character file.

Game seed: 578636727183584100

15192652 Taxman1966 the Conqueror (level 27, 273/273 HPs)
             Began as a Minotaur Gladiator on Jan 22, 2024.
             Was the Champion of the Shining One.
             Escaped with the Orb
             ... and 15 runes on Jan 28, 2024!
             The game lasted 07:28:56 (103700 turns).

Taxman1966 the Conqueror (Minotaur Gladiator)     Turns: 103700, Time: 07:28:56

Health: 273/273    AC: 57    Str: 32    XL:     27
Magic:  48/48      EV: 20    Int:  9    God:    the Shining One [******]
Gold:   15574      SH: 27    Dex: 15    Spells: 50/50 levels left

rFire   + + .        b - +9 broad axe (holy)
rCold   + + +        H - +2 tower shield {AC+3}
rNeg    + + +        Y - +12 gold dragon scales
rPois   +            y - +0 mask of the Dragon {Will+ Slay+3 SInv}
rElec   +            J - +2 cloak
rCorr   +            F - +1 pair of gloves "Wyemeab" {rPois Regen+ rCorr}
SInv    +            E - +2 pair of boots of the Elven Halls {rElec rC+ Regen+}
Will    +++++        Z - amulet "Rauggo Jaqa" {rC+ Regen+ Int+2} Stlth
                     q - ring of Cour {Will+ MP+9 AC+4 Str+4}
HPRegen 3.05/turn    T - ring of Jiloeq {rF+ Will+}
MPRegen 0.31/turn

%: no passive effects
@: glowing, studying 4 skills
A: horns 2, retaliatory headbutt, poison resistance
0: Orb of Zot
}: 15/15 runes: decaying, serpentine, slimy, silver, golden, iron, obsidian,
icy, bone, abyssal, demonic, glowing, magical, fiery, dark
a: Renounce Religion, Divine Shield, Cleansing Flame, Summon Divine Warrior


You escaped.
You worshipped the Shining One.
The Shining One was exalted by your worship.
You visited 18 branches of the dungeon, and saw 88 of its levels.
You visited Pandemonium 1 time, and saw 11 of its levels.
You visited the Abyss 3 times.
You also visited: Sewer and Wizlab.

You collected 18989 gold pieces.
You spent 3415 gold pieces at shops.

Inventory:

Hand Weapons
 a - the +8 mithril axe "Arga" {speed, Will+}
   (You found it on level 5 of the Vaults)

   Will+:     It increases your willpower.
 b - a +9 broad axe of holy wrath (weapon)
Missiles
 d - 8 throwing nets
 e - 23 javelins
 n - 30 atropa-tipped darts
 u - 14 poisoned darts
 A - 6 datura-tipped darts
 G - 11 darts of dispersal
 R - 25 curare-tipped darts
 V - 25 silver javelins (quivered)
 W - 41 boomerangs
Armour
 y - the +0 mask of the Dragon (worn) {Will+ Slay+3 SInv}
   (You found it on level 3 of the Elven Halls)

   Slay+3:    It affects your accuracy & damage with ranged weapons and melee
   (+3).
   Will+:     It increases your willpower.
   SInv:      It lets you see invisible.
 D - a scarf of resistance
 E - the +2 pair of boots of the Elven Halls (worn) {rElec rC+ Regen+}
   (You found it in a wizard's laboratory)

   rC+:       It protects you from cold.
   rElec:     It insulates you from electricity.
   Regen+:    It increases your rate of health regeneration.
 F - the +1 pair of gloves "Wyemeab" (worn) {rPois Regen+ rCorr}
   (You found it on level 4 of the Vaults)

   rPois:     It protects you from poison Regen+: It increases your rate of
   health regeneration.
   rCorr:     It protects you from acid and corrosion.
 H - a +2 tower shield of protection (worn)
 J - a +2 cloak (worn)
 Y - +12 gold dragon scales (worn)
Jewellery
 q - the ring of Cour (left hand) {Will+ MP+9 AC+4 Str+4}
   (You took it off a deep elf annihilator on level 3 of the Elven Halls)

   [ring of protection]

   AC+4:      It affects your AC (+4).
   Str+4:     It affects your strength (+4).
   Will+:     It increases your willpower.
   MP+9:      It affects your magic capacity (+9).
 O - the ring "Xite" {^Drain Fly rF+ Str+6 Int+4}
   (You found it on level 5 of the Vaults)

   [ring of protection from fire]

   Str+6:     It affects your strength (+6).
   Int+4:     It affects your intelligence (+4).
   rF+:       It protects you from fire.
   Fly:       It grants you flight.
   ^Drain:    It drains your maximum health when unequipped.
 T - the ring of Jiloeq (right hand) {rF+ Will+}
   (You found it in Pandemonium)

   [ring of willpower]

   rF+:       It protects you from fire.
   Will+:     It increases your willpower.
 Z - the amulet "Rauggo Jaqa" (around neck) {rC+ Regen+ Int+2}
   (You acquired it on level 5 of the Realm of Zot)

   [amulet of regeneration]

   Int+2:     It affects your intelligence (+2).
   rC+:       It protects you from cold.
   Regen+:    It increases your rate of health regeneration.
Wands
 f - a wand of light (86)
 k - a wand of iceblast (88)
 l - a wand of mindburst (101)
 m - a wand of charming (18)
 p - a wand of digging (42)
 x - a wand of flame (240)
Scrolls
 g - 6 scrolls of summoning
 r - 22 scrolls of fog
 s - 26 scrolls of teleportation
 t - 6 scrolls of fear
 w - 13 scrolls of blinking
 z - 10 scrolls of immolation
 I - 4 scrolls of silence
 L - 3 scrolls of revelation
 N - 13 scrolls of poison
Potions
 h - 27 potions of curing
 i - 8 potions of heal wounds
 j - 12 potions of might
 o - 18 potions of enlightenment
 v - 5 potions of haste
 C - 15 potions of cancellation
 M - 8 potions of berserk rage
 P - 3 potions of ambrosia
 Q - 13 potions of resistance
 S - 3 potions of mutation
 X - 4 potions of magic
Miscellaneous
 c - a phantom mirror
 B - a figurine of a ziggurat
 K - a phial of floods
 U - a lightning rod (4/4)


   Skills:
 O Level 27 Fighting
 O Level 27 Axes
 O Level 27 Throwing
 O Level 27 Armour
 O Level 27 Dodging
 O Level 27 Shields
 + Level 12.4 Spellcasting
 - Level 6.1 Summonings
 O Level 27 Invocations
 O Level 27 Evocations


You had 50 spell levels left.
You didn't know any spells.
Your spell library contained the following spells:

 Spells                   Type           Power      Damage    Failure   Level
 Summon Small Mammal      Summ           64%        N/A       4%          1
 Call Imp                 Summ           32%        N/A       7%          2
 Call Canine Familiar     Summ           16%        N/A       13%         3
 Apportation              Tloc           10%        N/A       47%         1
 Foxfire                  Conj/Fire      20%        2x1d5     47%         1
 Kiss of Death            Conj/Necr      20%        2d7       47%         1
 Magic Dart               Conj           20%        1d4       47%         1
 Necrotise                Necr           20%        1d5       47%         1
 Sandblast                Erth           10%        2d5       47%         1
 Slow                     Hex            20%        N/A       47%         1
 Sting                    Conj/Alch      20%        1d4       47%         1
 Blink                    Tloc           10%        N/A       63%         2
 Cigotuvi's Dreadful Rot  Necr/Alch/Air  10%        N/A       63%         2
 Ensorcelled Hibernation  Hex/Ice        10%        N/A       63%         2
 Jinxbite                 Hex            10%        N/A       63%         2
 Lesser Beckoning         Tloc           10%        N/A       63%         2
 Mercury Vapours          Alch/Air       10%        N/A       63%         2
 Momentum Strike          Conj/Tloc      10%        3d8       63%         2
 Scorch                   Fire           10%        2d5       63%         2
 Searing Ray              Conj           10%        2d4       63%         2
 Static Discharge         Conj/Air       10%        3-4/arc   63%         2
 Sublimation of Blood     Necr           5%         N/A       63%         2
 Animate Armour           Summ/Erth      22%        N/A       83%         4
 Summon Blazeheart Golem  Fire/Summ      11%        N/A       83%         4
 Summon Lightning Spire   Summ/Air       11%        N/A       83%         4
 Confusing Touch          Hex            5%         N/A       85%         3
 Dazzling Flash           Conj/Hex       10%        N/A       85%         3
 Frozen Ramparts          Ice            10%        1d2       85%         3
 Fugue of the Fallen      Necr           5%         N/A       85%         3
 Gell's Gravitas          Tloc           5%         N/A       85%         3
 Inner Flame              Hex/Fire       5%         N/A       85%         3
 Mephitic Cloud           Conj/Alch/Air  5%         N/A       85%         3
 Ozocubu's Armour         Ice            5%         N/A       85%         3
 Passwall                 Erth           5%         N/A       85%         3
 Sigil of Binding         Hex            5%         N/A       85%         3
 Stone Arrow              Conj/Erth      10%        3d7       85%         3
 Swiftness                Air            5%         N/A       85%         3
 Teleport Other           Tloc           5%         N/A       85%         3
 Tukima's Dance           Hex            5%         N/A       85%         3
 Vampiric Draining        Necr           5%         2d6       85%         3
 Volatile Blastmotes      Fire/Tloc      10%        2d10      85%         3
 Airstrike                Air            2%         2d(1-17)  99%         4
 Anguish                  Hex/Necr       2%         N/A       99%         4
 Brom's Barrelling Bould  Conj/Erth      5%         2d3       99%         4
 Cause Fear               Hex            2%         N/A       99%         4
 Dimensional Bullseye     Hex/Tloc       2%         N/A       99%         4
 Dispel Undead            Necr           5%         3d7       99%         4
 Flame Wave               Conj/Fire      5%         2d5       99%         4
 Fulminant Prism          Conj/Alch      2%         3d5       99%         4
 Ignite Poison            Fire/Alch      5%         N/A       99%         4
 Iskenderun's Mystic Bla  Conj/Tloc      5%         2d3       99%         4
 Leda's Liquefaction      Alch/Erth      2%         N/A       99%         4
 Manifold Assault         Tloc           5%         N/A       99%         4
 Passage of Golubria      Tloc           5%         N/A       99%         4
 Petrify                  Alch/Erth      5%         N/A       99%         4
 Sticky Flame             Fire/Alch      5%         2d4       99%         4
 Vhi's Electric Charge    Tloc/Air       10%        N/A       99%         4
 Summon Forest            Summ/Tloc      5%         N/A       99%         5
 Summon Mana Viper        Hex/Summ       11%        N/A       99%         5
 Alistair's Intoxication  Alch           3%         N/A       100%        5
 Arcjolt                  Conj/Air       2%         1d12      100%        5
 Borgnjor's Vile Clutch   Necr/Erth      2%         N/A       100%        5
 Curse of Agony           Necr           5%         N/A       100%        5
 Fireball                 Conj/Fire      2%         3d4       100%        5
 Freezing Cloud           Conj/Ice/Air   2%         6-21      100%        5
 Irradiate                Conj/Alch      2%         3d12      100%        5
 Iskenderun's Battlesphe  Conj           5%         2d6       100%        5
 Lee's Rapid Deconstruct  Erth           2%         3d5*      100%        5
 Metabolic Englaciation   Hex/Ice        2%         N/A       100%        5
 Silence                  Hex/Air        2%         N/A       100%        5
 Yara's Violent Unravell  Hex/Alch       2%         3d3       100%        5
 Bombard                  Conj/Erth      2%         9d1       100%        6
 Conjure Ball Lightning   Conj/Air       2%         3x3d6     100%        6
 Dispersal                Tloc           2%         N/A       100%        6
 Eringya's Noxious Bog    Alch           2%         4d6       100%        6
 Plasma Beam              Fire/Air       2%         2x1d12    100%        6
 Sculpt Simulacrum        Ice/Alch       2%         N/A       100%        6
 Starburst                Conj/Fire      2%         6d3       100%        6
 Summon Cactus Giant      Summ           8%         N/A       100%        6
 Enfeeble                 Hex            2%         N/A       100%        7
 Haunt                    Necr/Summ      5%         N/A       100%        7
 Monstrous Menagerie      Summ           8%         N/A       100%        7
 Ozocubu's Refrigeration  Ice            2%         4d8       100%        7
 Spellforged Servitor     Conj/Summ      5%         N/A       100%        7
 Borgnjor's Revivificati  Necr           2%         N/A       100%        8
 Discord                  Hex            2%         N/A       100%        8
 Disjunction              Tloc           2%         N/A       100%        8
 Ignition                 Fire           2%         3d3       100%        8
 Lehudib's Crystal Spear  Conj/Erth      2%         10d2      100%        8
 Maxwell's Capacitive Co  Air            2%         ∞         100%        8
 Chain Lightning          Conj/Air       2%         3d3       100%        9
 Death's Door             Necr           2%         N/A       100%        9
 Dragon's Call            Summ           8%         N/A       100%        9
 Fire Storm               Conj/Fire      2%         8d1       100%        9
 Polar Vortex             Ice            2%         N/A       100%        9
 Shatter                  Erth           2%         3d6*      100%        9


Dungeon Overview and Level Annotations

Branches:
Dungeon (15/15)            Temple (1/1) D:5            Lair (5/5) D:8
  Swamp (4/4) Lair:2        Snake (4/4) Lair:2        Slime (5/5) Lair:5
    Orc (2/2) D:10            Elf (3/3) Orc:2        Vaults (5/5) D:13
  Crypt (3/3) Vaults:3       Tomb (3/3) Crypt:3      Depths (4/4) D:15
   Hell (visited)             Dis (7/7) Hell            Geh (7/7) Hell
    Coc (7/7) Hell            Tar (7/7) Hell            Zot (5/5) Depths:4
  Sewer (visited)          WizLab (visited)

Altars:
Ashenzari
Cheibriados
Dithmenos
Elyvilon
Fedhas
Gozag
Hepliaklqana
Kikubaaqudgha
Makhleb
Nemelex Xobeh
Okawaru
Qazlal
Ru
Sif Muna
Trog
Uskayaw
Vehumet
Wu Jian
Xom
Yredelemnul
Zin
The Shining One
Jiyva
Lugonu

Shops:
D:7 [   D:8 *   D:10 ([::   Orc:2 :!=!*   Elf:2 :   Snake:2 (   Snake:4 *
Vaults:1 (   Vaults:5 *=   Depths:1 :   Depths:3 [:(*(

Portals:
Hell: Depths:1 Depths:2 Depths:3 Depths:4
Abyss: Lair:5 Vaults:4 Depths:1**** Depths:3 Depths:4
Pandemonium: Depths:2
Ziggurat: Depths:2


Innate Abilities, Weirdness & Mutations

You have a pair of horns on your head.
You reflexively headbutt those who attack you in melee.
Your system is resistant to poisons. (rPois)


Message History

Your body is wracked with pain!
The Tzitzimitl gestures at you.
The bolt of negative energy hits you but does no damage.
You resist.
You closely miss the Tzitzimitl. Your headbutt misses the Tzitzimitl.
You cut the Tzitzimitl into ribbons!!!
The Tzitzimitl convulses!!!
Your headbutt misses the Tzitzimitl.
The Tzitzimitl is almost dead.
The Tzitzimitl engulfs you but does no damage.
The Tzitzimitl bites you but does no damage.
You hit the Tzitzimitl but do no damage.
Your headbutt misses the Tzitzimitl.
The Tzitzimitl is almost dead.
You block the Tzitzimitl's attack. The Tzitzimitl barely misses you.
You slash the Tzitzimitl!
The Tzitzimitl convulses!
You kill the Tzitzimitl!
The Shining One accepts your kill.
You feel better.
No target in view!
No target in view!
No target in view!
There is a stone staircase leading up here.
You start resting.
HP restored.
You climb upwards.
There is a stone staircase leading down here.
There is a stone staircase leading down here.
There is a stone staircase leading down here.
There is a stone staircase leading up here.
You climb upwards.
There is a stone staircase leading down here.
There is a staircase leading out of the dungeon here.
You feel extremely strange.
You no longer become unable to read scrolls after taking damage.
Your magical essence no longer links to wands of the dungeon.
You feel stupid.
You feel weirdly uncertain.
You feel extremely strange.
You feel stable.
You no longer feel heat resistant.
You feel resistant to poisons.
You have escaped!

#####..####.#
#.##.........#
.......†..#.#
#.....#..#####
#####..##.#.#
#####....# #### #
#..#....###### ##...#
#..# # #....#..##...#
###.## #..## #
###.#....#....# #..#
##.... #
#...##.#.###..## ##.#
#.(.## #
#.####.#.##....#
#.###...# # #.#
#.#.#...@.# ##.#..### #
#.# #.#.#.#...##
##.#..# ####.#
#...###....## #.#...#
#...[####..##.###...##
#.#..##
...........##..##....#
#....#
#.########.##...#....#
###.####
#.#######...###......##
#.##.#
..)....#.#####........#
#.#..# #...##...#
#.........####...##


There were no monsters in sight!

Vanquished Creatures
  Cerebov (Pan)
  Antaeus (Coc:7)
  Asmodeus (Geh:7)
  7 pandemonium lords (Pan)
  the Royal Jelly (Arena)
  Ereshkigal (Tar:7)
  Mnoleg (Pan)
  Gloorx Vloq (Pan)
  Lom Lobon (Pan)
  the Serpent of Hell (Geh:7)
  10 dread liches
  Frederick (Vaults:4)
  5 orbs of fire (Zot:5)
  The ghost of MrDizzy the Scorcher, a veteran OnHs of Nemelex Xobeh (Zot:1)
  6 ancient liches
  7 juggernauts
  29 royal mummies
  6 Killer Klowns
  Boris (4 times) (Vaults:5 Crypt:1 Tomb:1 Tomb:2)
  Saint Roka (Orc:1)
  Vashnia (Snake:3)
  37 shard shrikes
  6 curse toes
  Geryon (Hell)
  26 caustic shrikes
  10 golden dragons
  8 profane servitors
  Jory (Crypt:3)
  the Enchantress (Arena)
  Norris (Depths:3)
  12 doom hounds
  2 shard shrike zombies (Tar:7)
  18 Tzitzimimeh
  3 electric golems
  26 bone dragons
  14 Brimstone Fiends
  24 hellephants
  33 tentacled monstrosities
  11 iron giants
  21 Ice Fiends
  26 Hell Sentinels
  Jorgrun (Orc:1)
  27 Orb Guardians
  11 liches
  16 tainted leviathans
  A walking crystal tome (WizLab)
  A walking frostbound tome (Depths:3)
  6 quicksilver dragons
  6 deep elf blademasters
  5 deep elf master archers
  35 titans
  20 searing wretches
  26 acid blobs
  The ghost of Kare Xaoge the Bludgeoner, an adept DgSh (Vaults:4)
  The ghost of pleonasm the Warrior, an adept OnBe of Trog (Swamp:3)
  14 sphinxes
  5 death cobs
  26 Executioners
  14 tentacled starspawn
  57 ancient champions
  13 tengu reavers
  The ghost of Polaczum the Brawler, an adept TrMo of Nemelex Xobeh (Depths:4)
  A thorn hunter (Swamp:3)
  The ghost of Seits the Bludgeoner, an adept MiFi of the Shining One (Snake:4)
  11 shadow dragons
  3 fenstrider witches (Pan)
  8 protean progenitors
  The ghost of Qymaymp the Geomancer, an adept GrEE of Vehumet (D:14)
  5 draconian knights
  16 rockslimes
  4 revenants
  18 storm dragons
  10 draconian monks
  A daeva (Abyss:2)
  23 frost giants
  14 azure jellies
  8 nagarajas
  2 strange machines (WizLab)
  5 demonspawn warmongers
  33 fire giants
  Aizul (Snake:2)
  15 narguns
  15 iron dragons
  10 draconian shifters
  3 ghost moths
  Louise (Arena)
  16 vault wardens
  8 deep elf sorcerers
  A juggernaut zombie (Crypt:3)
  12 quicksilver elementals
  16 ghouls
  6 draconian scorchers
  2 spectral caustic shrikes
  39 balrugs
  31 reapers
  6 shard shrike simulacra
  5 curse skulls
  7 deep elf elementalists
  3 orc warlords
  5 caustic shrike skeletons
  44 very ugly things
  18 cacodemons
  The ghost of Deoplod the Spry, an adept SpAl of Sif Muna (Elf:1)
  7 demonspawn blood saints (Pan)
  9 draconian annihilators
  4 juggernaut skeletons
  4 formless jellyfish
  8 quicksilver oozes
  A quicksilver ooze (shapeshifter) (Abyss:4)
  9 demonspawn corrupters (Pan)
  7 draconian stormcallers
  4 ironbound thunderhulks
  6 spriggan defenders
  Nessos (D:13)
  16 ironbound preservers
  7 eleionomae
  24 elemental wellsprings
  25 black draconians
  22 stone giants
  23 green draconians
  9 demonspawn black suns
  32 bennus
  10 vampire knights
  5 deep elf death magi
  14 deep elf annihilators
  10 lorocyprocas
  12 dire elephants
  6 bunyips
  10 deep elf demonologists
  16 purple draconians
  22 white draconians
  A spectral titan (Tar:4)
  9 putrid mouths
  11 yellow draconians
  9 spark wasps
  22 red draconians
  15 war gargoyles
  28 wendigos
  10 eidola
  13 blizzard demons (Pan)
  Snorg (D:11)
  9 crystal guardians
  19 mummy priests
  12 ettins
  4 deep elf high priests
  10 fire dragons
  14 iron golems
  3 entropy weavers
  14 jiangshi
  2 spectral iron giants
  20 green deaths
  A fenstrider witch zombie (Crypt:2)
  2 spectral spriggans
  22 great orbs of eyes
  3 shambling mangroves
  13 yaktaur captains
  25 rakshasas
  2 great orbs of eyes (shapeshifter) (Abyss:4)
  2 spriggan zombies
  19 salamander tyrants
  36 vault guards
  Fannar (D:11)
  7 caustic shrike simulacra
  9 hell beasts
  6 ogre magi
  11 juggernaut simulacra
  11 ice dragons
  10 spriggan air magi
  Erolcha (D:12)
  12 hydras
  6 peacekeepers
  9 ironbound frosthearts
  A sphinx zombie (Crypt:2)
  The ghost of yakattack the Nimble, a journeyman SpAl of Vehumet (D:11)
  5 ghost crabs
  An azure jelly zombie (Crypt:3)
  A fenstrider witch skeleton (Crypt:1)
  4 alligators
  7 boulder beetles
  A catoblepas (Abyss:2)
  7 anacondas
  2 radroaches (Pan)
  20 centaur warriors
  5 spriggan skeletons
  A spectral draconian (Zot:1)
  A death knight (Crypt:3)
  18 two-headed ogres
  A merfolk aquamancer (Pan)
  33 hell hogs
  7 stokers
  7 deep troll earth magi
  13 naga warriors
  9 tengu warriors
  10 death scarabs (Tomb:2)
  9 vampire magi
  7 deep troll shamans
  17 thrashing horrors
  10 occultists
  55 dancing weapons
  3 orc high priests
  8 spriggan berserkers
  11 naga sharpshooters
  3 spectral storm dragons (Zot:1)
  A spectral dire elephant (Tar:6)
  40 deep elf knights
  26 hell knights
  5 shock serpents
  27 soul eaters
  A spectral naga (Tar:1)
  5 demonic crawlers (Pan)
  Sonja (Lair:5)
  11 wretched stars
  A fire crab (shapeshifter) (Elf:1)
  4 skysharks
  A titan skeleton (Crypt:3)
  10 crystal echidnas
  64 sun demons
  3 goliath frogs
  44 skeletal warriors
  2 skysharks (shapeshifter) (Elf:1)
  A spatial maelstrom (Abyss:4)
  4 hellephant skeletons (Pan)
  14 iron trolls
  A spectral yellow draconian (Zot:1)
  23 sixfirhies
  3 salamander mystics
  A spark wasp zombie (Depths:2)
  A bunyip zombie (Tomb:2)
  31 shadow wraiths
  An iron giant zombie (Tar:7)
  A mana viper (shapeshifter) (Depths:2)
  2 spriggan druids
  A storm dragon skeleton (Tomb:3)
  An anaconda zombie (Hell)
  7 naga ritualists
  An orb spider (shapeshifter) (D:13)
  A deep troll (shapeshifter) (Vaults:1)
  28 deep trolls
  A spectral ghost moth (Zot:1)
  6 sun moths (Pan)
  15 glowing orange brains
  25 shadow demons
  3 pharaoh ants (Coc:3)
  7 sea snakes (Snake:4)
  An obsidian statue (Zot:3)
  3 death drakes
  24 deep elf archers
  7 arcanists
  12 flayed ghosts
  6 quicksilver dragon simulacra
  8 mana vipers
  15 bog bodies
  6 spriggan simulacra
  A swamp dragon (Swamp:1)
  2 spectral alligators (Swamp:4)
  17 lindwurms
  54 large abominations
  4 spectral hydras
  2 harpies (shapeshifter)
  A bunyip skeleton (Tomb:2)
  9 orc knights
  A lindwurm (shapeshifter) (Elf:1)
  21 ironbound convokers
  17 phantasmal warriors
  8 harpies
  36 deep elf pyromancers
  28 deep elf zephyrmancers
  3 alligator zombies
  12 necromancers
  6 cyclopes
  5 orc sorcerers
  43 ugly things
  7 shining eyes
  A fire giant zombie (Crypt:3)
  An oklob plant (Lair:3)
  3 manticores
  6 will-o-the-wisps
  A wolf spider (shapeshifter) (Depths:3)
  A goliath frog skeleton (Crypt:3)
  A manticore (shapeshifter) (Vaults:5)
  2 dire elephant zombies
  30 moths of wrath
  4 worldbinders
  7 elephants
  A fire giant skeleton (Crypt:1)
  An alligator skeleton (Crypt:1)
  10 salamanders
  22 black mambas
  A stone giant skeleton (Crypt:2)
  2 ice statues (Coc:7)
  15 naga magi
  16 vault sentinels
  A frost giant skeleton (Crypt:2)
  3 meliai (D:15)
  A formless jellyfish zombie (Crypt:1)
  An eye of devastation (Slime:4)
  4 guardian serpents
  An apocalypse crab (Abyss:4)
  A guardian serpent (shapeshifter) (Abyss:4)
  2 centaur skeletons (D:15)
  4 titan simulacra
  30 smoke demons
  2 storm dragon simulacra (Zot:1)
  2 gargoyles
  6 rust devils
  A shock serpent skeleton (Crypt:2)
  4 cane toads
  4 centaur zombies
  15 molten gargoyles
  An alligator snapping turtle zombie (Crypt:1)
  An eye of devastation (shapeshifter) (Vaults:5)
  18 orange demons
  A steelbarb worm zombie (Crypt:2)
  6 efreet
  10 unseen horrors
  6 komodo dragons
  11 freezing wraiths
  A rime drake (Lair:3)
  A yaktaur (shapeshifter) (Elf:1)
  3 dire elephant skeletons
  3 swamp worm zombies (Swamp:4)
  A sea snake zombie (Hell)
  2 alligator snapping turtle skeletons
  13 ice devils
  28 hellions
  25 yaktaurs
  7 kobold demonologists
  An iron giant simulacrum (Coc:4)
  45 guardian mummies
  8 tengu conjurers
  3 spectral harpies
  2 bunyip simulacra (Coc:1)
  5 anaconda simulacra
  A sea snake skeleton (Hell)
  3 silent spectres
  29 tormentors
  An unseen horror skeleton (Crypt:3)
  6 red devils
  3 bloated husks
  A harpy zombie (Tomb:3)
  6 trolls
  6 ancient zymes
  A wolf spider simulacrum (D:15)
  11 wind drakes (Pan)
  A queen bee (shapeshifter) (Elf:1)
  A sun moth zombie (Crypt:2)
  25 hellwings
  A hornet (shapeshifter) (Elf:3)
  5 tyrant leeches
  A polar bear (Lair:5)
  A raiju (shapeshifter) (D:14)
  A moth of wrath zombie (Crypt:2)
  An alligator simulacrum (Coc:1)
  6 hydra zombies
  10 hornets
  2 iron dragon simulacra
  14 raiju
  3 spectral swamp dragons
  7 dream sheep (Lair:5)
  A culicivora zombie (Crypt:2)
  28 blink frogs
  A hydra skeleton (Crypt:2)
  4 harpy skeletons
  A stone giant simulacrum (Coc:7)
  A dream sheep (shapeshifter) (Depths:2)
  6 glass eyes
  A black mamba zombie (Crypt:3)
  3 air elementals
  12 spriggans
  128 slime creatures
  5 tyrant leech zombies (Swamp:4)
  5 spriggans (shapeshifter)
  27 ynoxinuls
  2 centaur simulacra
  3 fire elementals
  3 shadows
  10 water elementals
  5 wyverns
  8 dire elephant simulacra
  8 wraiths
  19 ushabtiu
  20 yaks
  19 neqoxecs
  2 yaks (shapeshifter)
  11 basilisks
  3 wargs
  A redback (shapeshifter) (Abyss:4)
  A black draconian simulacrum (Zot:1)
  A golden eye (shapeshifter) (Elf:1)
  A steam dragon (D:8)
  A warg (shapeshifter) (Elf:1)
  2 golden eyes (Slime:1)
  2 redbacks (Vaults:2)
  6 vampire mosquitoes
  11 chaos spawn
  Menkaure (D:6)
  A skyshark zombie (Crypt:1)
  A swamp worm (shapeshifter) (Depths:3)
  A spatial vortex (Abyss:4)
  14 harpy simulacra
  A fire bat zombie (Crypt:1)
  2 hydra simulacra
  4 hell hounds (D:12)
  19 swamp worms
  14 water moccasins
  3 acid dragons
  40 nagas
  Duvessa (D:5)
  2 moth of wrath simulacra (Zot:1)
  2 ice beasts
  6 swamp drakes
  2 sky beasts
  27 orc warriors
  A black bear (shapeshifter) (D:15)
  42 laughing skulls
  3 black bears
  4 swamp dragon zombies (Swamp:4)
  23 wolves
  31 ogres
  2 boggarts (Elf:1)
  2 ettin simulacra
  10 phantoms
  5 centaurs
  11 brain worms
  10 bullfrogs
  A warg zombie (Crypt:2)
  5 kobold brigands
  Blork the orc (D:5)
  3 scorpions
  34 small abominations
  7 necrophages
  2 earth elementals
  A gnoll sergeant (D:6)
  6 naga simulacra
  6 wights
  2 water moccasin skeletons
  Dowan (D:5)
  A shapeshifter zombie (Crypt:3)
  6 killer bees (D:11)
  5 electric eels
  8 howler monkeys
  3 bombardier beetles
  A crimson imp (D:8)
  A quasit (Abyss:2)
  4 hounds (D:5)
  An iron imp (Abyss:4)
  15 orc priests
  53 starcursed masses
  Crazy Yiuf (D:5)
  18 jellies
  An iguana (D:5)
  19 orc wizards
  12 hell rats
  49 mummies
  5 gnolls (D:6)
  8 adders
  2 swamp drake skeletons
  5 shadow imps
  2 white imps (Coc:2)
  5 ufetubi
  2 ribbon worms
  A ribbon worm (shapeshifter) (Elf:1)
  2 dart slugs (D:4)
  72 orcs
  7 endoplasms
  4 giant cockroaches
  A goblin (D:4)
  7 hobgoblins
  15 kobolds
  6 quokkas
  3 training dummies (Snake:2)
  7 ball pythons
  3 bats (D:1)
  8 frilled lizards
  A goblin skeleton (Crypt:3)
  A kobold zombie (Crypt:3)
  11 rats
  An aspiring flesh (Zot:1)
  A ball lightning (Pan)
  5 creeping infernos
  30 fire vortices
  2 lurking horrors
  A spectral weapon (Depths:3)
  22 starspawn tentacles
4613 creatures vanquished.

Vanquished Creatures (collateral kills)
  Dispater (Dis:7)
  A titan simulacrum (Coc:7)
2 creatures vanquished.

Vanquished Creatures (others)
  A shard shrike (Coc:6)
  A deep elf master archer (D:14)
  An eldritch tentacle (Pan)
  3 fire giants
  3 shard shrike simulacra
  2 balrugs (Pan)
  A demonspawn corrupter (Pan)
  2 demonspawn blood saints (Pan)
  2 wendigos (Coc:7)
  A green death (Pan)
  A jiangshi (Depths:3)
  A caustic shrike simulacrum (Coc:6)
  A rakshasa (Pan)
  2 spriggan air magi (Pan)
  8 juggernaut simulacra
  An alligator (Swamp:1)
  A merfolk aquamancer (Pan)
  2 sun demons (Pan)
  An occultist (Depths:2)
  A shadow wraith (Crypt:3)
  A quicksilver dragon simulacrum (Coc:6)
  A deep elf archer (D:14)
  A deep elf pyromancer (Elf:1)
  A spriggan simulacrum (Coc:5)
  A smoke demon (Pan)
  A titan simulacrum (Coc:7)
  A molten gargoyle (Hell)
  An anaconda simulacrum (Coc:7)
  A red devil (Pan)
  2 bloated husks (Swamp:4)
  5 wind drakes (Pan)
  A stone giant simulacrum (Coc:2)
  An iron dragon simulacrum (Coc:5)
  3 dire elephant simulacra
  A water elemental (Elf:2)
  A ynoxinul (Abyss:4)
  5 harpy simulacra
  A swamp worm (shapeshifter) (Depths:2)
  A hydra simulacrum (Coc:6)
  2 ettin simulacra (Coc:7)
  A phantom (Swamp:4)
  A brain worm (Pan)
  A wight (D:8)
  2 hell rats (Hell)
  A ball python (D:4)
  9 ball lightnings (Pan)
  3 creeping infernos
  A fire vortex (Pan)
  39 foxfires
  A lurking horror (Abyss:4)
  29 starspawn tentacles
156 creatures vanquished.

Grand Total: 4771 creatures vanquished

Notes
Turn   | Place    | Note
-------+----------+-------------------------------------------
     0 | D:1      | Taxman1966 the Minotaur Gladiator began the quest for the
                  | Orb.
     0 | D:1      | Reached XP level 1. HP: 18/18 MP: 0/0
   115 | D:1      | Reached XP level 2. HP: 25/25 MP: 1/1
   270 | D:1      | Reached skill level 1 in Armour
   839 | D:2      | Found the +1 robe of Vines {NoPotionHeal Regen++++}
   997 | D:2      | Found a faded altar of an unknown god.
  1038 | D:2      | Reached XP level 3. HP: 31/31 MP: 2/2
  1246 | D:3      | You are sucked into a shaft and drop 3 floors!
  1251 | D:5      | Entered Level 5 of the Dungeon
  1254 | D:5      | Found a staircase to the Ecumenical Temple.
  1257 | D:5      | Reached XP level 4. HP: 38/38 MP: 3/3
  1267 | Temple   | Entered the Ecumenical Temple
  1285 | D:5      | Noticed a scorpion
  1293 | D:5      | Killed a scorpion
  1294 | D:5      | Reached skill level 5 in Axes
  1294 | D:5      | Reached XP level 5. HP: 42/46 MP: 4/4
  1332 | D:5      | Noticed Blork the orc
  1346 | D:5      | Killed Blork the orc
  1349 | D:5      | Found a transporter.
  1354 | D:5      | Reached XP level 6. HP: 52/52 MP: 5/5
  1356 | D:5      | Found a transporter.
  1659 | D:3      | Found a glowing drain.
  1663 | Sewer    | Entered a sewer
  1764 | Sewer    | Reached XP level 7. HP: 60/60 MP: 3/6
  1904 | Sewer    | Reached skill level 5 in Dodging
  2561 | D:3      | Found a stormy altar of Qazlal.
  3377 | D:5      | Reached skill level 5 in Fighting
  3414 | D:5      | Noticed Duvessa
  3414 | D:5      | Noticed Dowan
  3428 | D:5      | Killed Duvessa
  3430 | D:5      | Killed Dowan
  3596 | D:5      | Found a runed translucent door.
  3597 | D:5      | Noticed Crazy Yiuf
  3603 | D:5      | Killed Crazy Yiuf
  3948 | D:5      | Reached XP level 8. HP: 62/69 MP: 7/7
  4110 | D:6      | Reached skill level 1 in Shields
  4121 | D:6      | Reached skill level 5 in Armour
  4381 | D:6      | Noticed Menkaure
  4390 | D:6      | Killed Menkaure
  4558 | D:6      | Found a snail-covered altar of Cheibriados.
  4836 | D:7      | Reached XP level 9. HP: 78/78 MP: 8/8
  4840 | D:7      | Found Vosheg's Antique Armour Emporium.
  4840 | D:7      | Found the +7 Kryia's mail coat {PotionHeal*2 rC+}
  5085 | D:7      | Found a broken altar of Ashenzari.
  5277 | D:7      | Reached skill level 5 in Shields
  5501 | D:8      | Noticed a two-headed ogre
  5506 | D:8      | Reached skill level 10 in Axes
  5663 | D:8      | Found a shimmering blue altar of Sif Muna.
  5700 | D:8      | Found a burning altar of Makhleb.
  5700 | D:8      | Found a shimmering altar of Xom.
  5818 | D:8      | Reached skill level 5 in Throwing
  6140 | D:8      | Reached XP level 10. HP: 87/88 MP: 9/9
  6175 | D:8      | Found a staircase to the Lair.
  6184 | D:8      | Killed a two-headed ogre
  6599 | D:8      | Found Zin's Purification Station.
  6600 | D:8      | Found a glowing silver altar of Zin.
  6944 | D:9      | Found a white marble altar of Elyvilon.
  7001 | D:9      | Noticed a two-headed ogre
  7003 | D:9      | Noticed a two-headed ogre
  7014 | D:9      | Killed a two-headed ogre
  7020 | D:9      | Killed a two-headed ogre
  7158 | D:9      | Noticed a manticore
  7173 | D:9      | Killed a manticore
  7727 | D:9      | Reached skill level 10 in Fighting
  7740 | D:9      | Got the Monograph on the Charmed Alembic
  7904 | D:9      | Reached skill level 1 in Evocations
  8044 | D:10     | Entered Level 10 of the Dungeon
  8044 | D:10     | Found Ponel's Weapon Shop.
  8067 | D:10     | Found Watzedd's Antique Armour Boutique.
  8118 | D:10     | Found a sparkling altar of Nemelex Xobeh.
  8180 | D:10     | Found a staircase to the Orcish Mines.
  8197 | D:10     | Found Kiegoaff's Book Shoppe.
  8206 | D:10     | Found Raewusis's Book Shop.
  8245 | D:10     | Reached XP level 11. HP: 83/100 MP: 10/10
  8420 | D:10     | Noticed an arcanist
  8430 | D:10     | Killed an arcanist
  8543 | D:10     | Noticed a large abomination
  8717 | D:10     | Killed a large abomination
  9254 | D:10     | Identified the ring "Donoiby" {^Contam MP+9 Dex+4}
  9311 | D:10     | Found an iron altar of Okawaru.
  9311 | D:10     | Found a hide-covered altar of Uskayaw.
  9315 | D:10     | Became a worshipper of Warmaster Okawaru
  9735 | D:11     | Noticed a two-headed ogre
  9754 | D:11     | Killed a two-headed ogre
  9755 | D:11     | Reached skill level 1 in Invocations
  9824 | D:11     | Found a runed translucent gate.
  9824 | D:11     | Found a runed translucent gate.
  9824 | D:11     | Found a runed translucent gate.
  9824 | D:11     | Noticed a glowing orange brain
  9825 | D:11     | Noticed yakattack's ghost (journeyman SpAl)
  9887 | D:11     | Noticed Snorg
  9889 | D:11     | Noticed Fannar
  9905 | D:11     | Killed Snorg
  9905 | D:11     | Reached * piety under Okawaru
  9929 | D:11     | Killed Fannar
 10021 | D:11     | Noticed a two-headed ogre
 10055 | D:11     | Killed a two-headed ogre
 10055 | D:11     | Reached ** piety under Okawaru
 10211 | D:11     | Reached XP level 12. HP: 59/112 MP: 12/12
 10400 | D:11     | Noticed a boulder beetle
 10416 | D:11     | Killed a boulder beetle
 10527 | D:11     | Reached *** piety under Okawaru
 10813 | D:11     | Found a viscous altar of Jiyva.
 10980 | Lair:1   | Entered Level 1 of the Lair of Beasts
 11649 | Lair:1   | Reached **** piety under Okawaru
 12611 | Lair:2   | Noticed an eleionoma
 12632 | Lair:2   | Killed an eleionoma
 12632 | Lair:2   | Reached ***** piety under Okawaru
 12639 | Lair:2   | Found a staircase to the Swamp.
 12639 | Lair:2   | Identified the +2 pair of gloves of the Boiling Point
                  | {*Slow rPois Will++ SInv}
 13125 | Lair:2   | Found a staircase to the Snake Pit.
 13202 | Lair:3   | Noticed an eight-headed hydra
 13215 | Lair:3   | Killed an eight-headed hydra
 13325 | Lair:3   | Reached skill level 15 in Axes
 13455 | Lair:3   | Identified a scroll of acquirement
 13617 | Lair:3   | Reached XP level 13. HP: 122/122 MP: 15/15
 14203 | Lair:3   | Acquired 1164 gold pieces
 14926 | Lair:4   | Received a gift from Okawaru
 15099 | Lair:5   | Entered Level 5 of the Lair of Beasts
 15224 | Lair:5   | Reached skill level 5 in Invocations
 15255 | Lair:5   | Found a viscous altar of Jiyva.
 15301 | Lair:5   | Found a staircase to the Slime Pits.
 15818 | Lair:5   | Noticed Sonja
 15844 | Lair:5   | Killed Sonja
 15855 | Lair:5   | Received a gift from Okawaru
 16461 | Lair:5   | Reached skill level 15 in Fighting
 16629 | Lair:5   | Reached ****** piety under Okawaru
 16669 | Lair:5   | Received a gift from Okawaru
 16816 | Lair:5   | Found a corrupted altar of Lugonu.
 16818 | Lair:5   | Reached XP level 14. HP: 105/135 MP: 17/17
 16819 | Lair:5   | Found a one-way gate to the infinite horrors of the Abyss.
 17764 | D:12     | Noticed Erolcha
 17781 | D:12     | Killed Erolcha
 18080 | D:12     | Acquired 769 gold pieces
 18314 | D:13     | Identified the +13 chain mail of Hangman {Dex+4 SInv}
 18697 | D:13     | Received a gift from Okawaru
 18851 | D:13     | Found a gate to the Vaults.
 18854 | D:13     | Identified the +3 ring mail "Wyoribu" {Fly Int+5}
 18947 | D:13     | Found a hide-covered altar of Uskayaw.
 19355 | D:13     | Noticed Nessos
 19372 | D:13     | Killed Nessos
 19372 | D:13     | Received a gift from Okawaru
 19691 | D:14     | Reached skill level 10 in Armour
 19833 | D:14     | Found an iron altar of Okawaru.
 20345 | D:14     | Received a gift from Okawaru
 20360 | D:14     | Found an ancient bone altar of Kikubaaqudgha.
 20397 | D:14     | Found a runed translucent gate.
 20408 | D:14     | Found a runed translucent gate.
 20408 | D:14     | Noticed Qymaymp's ghost (adept GrEE)
 20409 | D:14     | Found a runed translucent gate.
 20438 | D:15     | Entered Level 15 of the Dungeon
 21508 | D:15     | Reached XP level 15. HP: 110/145 MP: 19/19
 21514 | D:15     | Received a gift from Okawaru
 22511 | D:15     | Found a staircase to the Depths.
 22641 | Orc:1    | Entered Level 1 of the Orcish Mines
 22799 | Orc:1    | Found the +15 Maxwell's patent armour {-Cast -Tele rElec
                  | Will+ rCorr}
 22801 | Orc:1    | Noticed Jorgrun
 22813 | Orc:1    | Killed Jorgrun
 22813 | Orc:1    | Received a gift from Okawaru
 23399 | Orc:2    | Entered Level 2 of the Orcish Mines
 23449 | Orc:2    | Found a staircase to the Elven Halls.
 23474 | Orc:2    | Noticed Saint Roka
 23768 | Orc:1    | Killed Saint Roka
 24066 | Orc:2    | Found Ebupot's Book Boutique.
 24601 | Orc:2    | Reached skill level 10 in Shields
 24661 | Orc:2    | Received a gift from Okawaru
 24771 | Orc:2    | Found Oxun Tig's Distillery.
 24771 | Orc:2    | Found Efoax's Assorted Antiques.
 24772 | Orc:2    | Found Febboom's Distillery.
 24772 | Orc:2    | Found Fosuegux's Jewellery Shoppe.
 24903 | Orc:2    | Bought a potion of degeneration for 16 gold pieces
 24904 | Orc:2    | Bought a potion of attraction for 39 gold pieces
 24905 | Orc:2    | Bought a scroll labelled RESETEH TAXAO for 30 gold pieces
 25378 | Swamp:1  | Entered Level 1 of the Swamp
 26086 | Swamp:2  | Received a gift from Okawaru
 26094 | Swamp:2  | Reached XP level 16. HP: 115/159 MP: 22/22
 26264 | Swamp:2  | Noticed Louise
 26275 | Arena    | Entered the Arena
 26311 | Arena    | Killed Louise
 26783 | Orc:2    | Bought a ring of protection from fire for 275 gold pieces
 26897 | D:7      | Bought an embroidered hat for 203 gold pieces
 27505 | Swamp:3  | Reached skill level 10 in Invocations
 27840 | Swamp:3  | Received a gift from Okawaru
 27871 | Swamp:3  | Noticed a thorn hunter
 27872 | Swamp:3  | Noticed pleonasm's ghost (adept OnBe)
 27874 | Swamp:3  | Found a runed translucent gate.
 27874 | Swamp:3  | Found a runed translucent gate.
 28009 | Swamp:3  | Found a runed translucent gate.
 28035 | Swamp:3  | Identified the +5 ring mail "Gamo" {+Inv Fly rF+}
 28070 | Swamp:3  | Noticed a tentacled monstrosity
 28088 | Swamp:3  | Killed a tentacled monstrosity
 28444 | Snake:1  | Entered Level 1 of the Snake Pit
 29887 | Snake:2  | Received a gift from Okawaru
 30341 | Snake:2  | Found Pipesme's Firing Range.
 30381 | Snake:2  | Bought a manual of Throwing for 1520 gold pieces
 30884 | Snake:3  | Identified the serpent talisman of Astross {Str+3}
 30884 | Snake:3  | Noticed Aizul
 30900 | Snake:2  | Received a gift from Okawaru
 31294 | Snake:3  | Identified the +3 orcbow "Dawif" {antimagic, rF++ Str-4
                  | Int+5}
 31339 | Snake:2  | Killed Aizul
 31446 | Snake:3  | Noticed Vashnia
 31624 | Snake:3  | Killed Vashnia
 31624 | Snake:3  | Received a gift from Okawaru
 31625 | Snake:3  | Reached XP level 17. HP: 156/170 MP: 24/24
 32221 | Swamp:4  | Entered Level 4 of the Swamp
 32599 | Swamp:4  | Acquired the +7 broad axe "Gusefeho" {venom, rF+ rN+ Str+5}
 32599 | Swamp:4  | Received a gift from Okawaru
 33033 | Swamp:4  | Received a gift from Okawaru
 33036 | Swamp:4  | Reached skill level 10 in Throwing
 33102 | Swamp:4  | Noticed a bone dragon
 33114 | Arena    | Entered the Arena
 33125 | Arena    | Killed a bone dragon
 33180 | Swamp:4  | Got a decaying rune of Zot
 33412 | Snake:4  | Entered Level 4 of the Snake Pit
 33611 | Snake:4  | Noticed Seits's ghost (adept MiFi)
 33631 | Snake:4  | Found a transporter.
 33661 | Snake:4  | Found a transporter.
 33906 | Snake:4  | Found Joymarun's General Store.
 33911 | Snake:4  | Bought a scroll of identify for 38 gold pieces
 34021 | Snake:4  | Received a gift from Okawaru
 34605 | Snake:4  | Identified the +11 halberd of Balance {elec, Str+3 Stlth+}
 34730 | Snake:4  | Reached skill level 15 in Armour
 34974 | Snake:4  | Got a serpentine rune of Zot
 35226 | Elf:1    | Entered Level 1 of the Elven Halls
 35238 | Elf:1    | Received a gift from Okawaru
 35322 | Elf:1    | Reached XP level 18. HP: 140/178 MP: 26/26
 35563 | Elf:1    | Found a runed translucent gate.
 35564 | Elf:1    | Found a runed translucent gate.
 35565 | Elf:1    | Found a runed translucent gate.
 35565 | Elf:1    | Noticed Deoplod's ghost (adept SpAl)
 35693 | Elf:1    | Received a gift from Okawaru
 36501 | Elf:1    | Found a shimmering blue altar of Sif Muna.
 36508 | Elf:1    | Received a gift from Okawaru
 36535 | Elf:1    | Reached skill level 15 in Shields
 37360 | Elf:2    | Found a runed translucent gate.
 37360 | Elf:2    | Found a runed translucent gate.
 37390 | Elf:2    | Found a runed translucent gate.
 37415 | Elf:2    | Found Xaet's Book Shoppe.
 37617 | Elf:2    | Received a gift from Okawaru
 38342 | Elf:3    | Entered Level 3 of the Elven Halls
 38411 | Elf:3    | Received a gift from Okawaru
 38686 | Arena    | Entered the Arena
 38957 | Elf:3    | Reached XP level 19. HP: 187/191 MP: 28/28
 39461 | Elf:3    | Identified the ring "Leffuha" {rElec Will+ rCorr Dex+2}
 39488 | Elf:3    | Identified the +8 chain mail "Qusme" {Harm Str-5 Dex+9
                  | Stlth+}
 39511 | Elf:3    | Received a gift from Okawaru
 39567 | Elf:3    | Identified the ring of Cour {Will+ MP+9 AC+4 Str+4}
 40249 | Elf:3    | Found the +0 mask of the Dragon {Will+ Slay+3 SInv}
 40283 | Elf:3    | Got Gool's Textbook on the Amassed Quake
 40295 | Elf:3    | Got the Discursus on Overhead Lava
 40309 | Elf:3    | Identified the +0 morningstar "Beetleslayer" {heavy, Will-
                  | Str+5}
 40836 | Vaults:1 | Entered Level 1 of the Vaults
 40841 | Vaults:1 | Acquired a +1 crystal plate armour
 40841 | Vaults:1 | Received a gift from Okawaru
 40989 | Vaults:1 | Received a gift from Okawaru
 41063 | Vaults:1 | Reached skill level 15 in Throwing
 41472 | Vaults:1 | Received a gift from Okawaru
 41828 | Vaults:1 | Found Ujiofiol's Antique Weapon Shoppe.
 41911 | Vaults:2 | Found a magical portal.
 41935 | WizLab   | Entered Tukima's Studio
 41967 | WizLab   | Identified the +5 triple crossbow of Kismet {penet, rC+
                  | Int+3}
 42118 | WizLab   | Received a gift from Okawaru
 42216 | WizLab   | Identified the +2 pair of boots of the Elven Halls {rElec
                  | rC+ Regen+}
 42776 | Vaults:2 | Reached XP level 20. HP: 202/202 MP: 29/29
 42844 | Vaults:2 | Found a runed translucent door.
 42881 | Vaults:2 | Identified the +0 plate armour of the Elephant {-Cast rPois
                  | Str+4 Dex+4}
 43134 | Vaults:2 | Received a gift from Okawaru
 44355 | Vaults:3 | Received a gift from Okawaru
 44407 | Vaults:3 | Identified the amulet of Lef Suadgh {Faith Dex+5}
 44523 | Vaults:3 | Found a staircase to the Crypt.
 44827 | Vaults:3 | Received a gift from Okawaru
 45675 | Vaults:4 | Reached skill level 10 in Dodging
 45872 | Vaults:4 | Received a gift from Okawaru
 45977 | Vaults:4 | Reached XP level 21. HP: 211/211 MP: 30/30
 46054 | Vaults:4 | Noticed a profane servitor
 46056 | Vaults:4 | Found a transporter.
 46086 | Vaults:4 | Gained mutation: Your body sometimes deteriorates upon
                  | taking damage. [a cacodemon]
 46171 | Vaults:4 | Identified the +1 pair of gloves "Wyemeab" {rPois Regen+
                  | rCorr}
 46207 | Abyss:2  | Cast into level 2 of the Abyss (orc warlord)
 46279 | Abyss:2  | Found a corrupted altar of Lugonu.
 46329 | Abyss:2  | Found a corrupted altar of Lugonu.
 46332 | Abyss:2  | Found a corrupted altar of Lugonu.
 46332 | Abyss:2  | Found a corrupted altar of Lugonu.
 46352 | Abyss:2  | Received a gift from Okawaru
 46531 | Vaults:4 | Escaped the Abyss
 46547 | Vaults:4 | Noticed Kare Xaoge's ghost (adept DgSh)
 46563 | Vaults:4 | Killed Kare Xaoge's ghost
 46576 | Vaults:4 | Killed a profane servitor
 46600 | Vaults:4 | Found a transporter.
 46738 | Vaults:4 | Received a gift from Okawaru
 47821 | Depths:1 | Entered Level 1 of the Depths
 47882 | Depths:1 | Received a gift from Okawaru
 47950 | Depths:1 | Found Kiunwal's Self-Published Books.
 48288 | Depths:1 | Found a gateway to Hell.
 48731 | Depths:1 | Found a corrupted altar of Lugonu.
 48735 | Depths:1 | Noticed the Enchantress
 48742 | Arena    | Entered the Arena
 48751 | Arena    | Killed the Enchantress
 48906 | Depths:1 | Found the +8 demon trident "Rift" {distort, reach+}
 49613 | Depths:2 | Reached XP level 22. HP: 218/224 MP: 31/31
 49629 | Depths:2 | Received a gift from Okawaru
 49788 | Depths:2 | Noticed a caustic shrike
 49794 | Depths:2 | Noticed a caustic shrike
 49804 | Depths:2 | Killed a caustic shrike
 50184 | Depths:2 | Received a gift from Okawaru
 50241 | Depths:2 | Noticed a caustic shrike
 50252 | Depths:2 | Killed a caustic shrike
 50327 | Depths:2 | Found a one-way gateway to a ziggurat.
 50329 | Depths:2 | Found a one-way gate leading to the halls of Pandemonium.
 50364 | Depths:2 | Noticed a caustic shrike
 50369 | Depths:2 | Killed a caustic shrike
 50476 | Depths:2 | Identified the +1 pair of gloves of the Furrier {rF+ rC-
                  | Int+3}
 51214 | Depths:3 | Noticed Norris
 51246 | Depths:3 | Killed Norris
 51246 | Depths:3 | Received a gift from Okawaru
 51305 | Depths:3 | Noticed a juggernaut
 51315 | Depths:3 | Killed a juggernaut
 51356 | Depths:3 | Found Omamimuy's Antique Weapon Boutique.
 51363 | Depths:3 | Found Bohecw's Antique Weapon Boutique.
 51363 | Depths:3 | Found Fudilyul's Book Shop.
 51387 | Depths:3 | Found Big Baal Hell's Store.
 51405 | Depths:3 | Found Afonaish's Antique Armour Shop.
 51452 | Depths:3 | Received a gift from Okawaru
 51659 | Depths:3 | Noticed a golden dragon
 51675 | Depths:3 | Killed a golden dragon
 51676 | Depths:3 | Reached skill level 15 in Invocations
 51732 | Depths:3 | Reached XP level 23. HP: 140/235 MP: 33/33
 51732 | Depths:3 | Received a gift from Okawaru
 51742 | Depths:3 | Noticed a juggernaut
 51753 | Depths:3 | Killed a juggernaut
 51778 | Depths:3 | Identified the ring "Dodiwo" {rElec rC++ Int+6 Stlth-}
 52184 | Depths:3 | Found a radiant altar of Vehumet.
 52329 | Depths:3 | Found an ornate altar of the Wu Jian Council.
 52436 | Depths:3 | Got Orghabaz's Omnibus of Shadows
 52523 | Depths:4 | Entered Level 4 of the Depths
 52577 | Depths:4 | Received a gift from Okawaru
 53156 | Depths:4 | Received a gift from Okawaru
 53732 | Depths:4 | Found a runed translucent door.
 53732 | Depths:4 | Noticed Polaczum's ghost (adept TrMo)
 53921 | Depths:4 | Received a gift from Okawaru
 53987 | Depths:4 | Found a gate to the Realm of Zot.
 54055 | Depths:4 | Reached skill level 27 in Fighting
 54131 | Depths:4 | Identified the +3 ring mail "Novas" {^Drain Regen+ Dex+8
                  | Stlth+}
 55607 | Vaults:5 | Entered Level 5 of the Vaults
 55607 | Vaults:5 | Noticed a dread lich
 55616 | Vaults:4 | Received a gift from Okawaru
 55620 | Vaults:5 | Identified the orb of a wizard's laboratory {*channel,
                  | Will- SInv Stlth- Fire}
 55620 | Vaults:5 | Noticed Frederick
 55644 | Vaults:4 | Reached XP level 24. HP: 242/249 MP: 34/34
 55646 | Vaults:4 | Killed a dread lich
 55710 | Vaults:4 | Killed Frederick
 55710 | Vaults:4 | Received a gift from Okawaru
 55896 | Vaults:5 | Noticed an ancient lich
 55924 | Vaults:5 | Killed an ancient lich
 55968 | Vaults:5 | Received a gift from Okawaru
 56276 | Vaults:5 | Noticed Boris
 56291 | Vaults:5 | Killed Boris
 56328 | Vaults:5 | Received a gift from Okawaru
 56643 | Vaults:5 | Identified the ring "Qape" {Ice Fly rN+ Str-3 Int+2}
 56732 | Vaults:5 | Found Hifrur's General Store.
 56768 | Vaults:5 | Noticed a dread lich
 56769 | Vaults:5 | Found Vicip's Jewellery Shoppe.
 56787 | Vaults:5 | Killed a dread lich
 56860 | Vaults:5 | Identified the +6 scale mail of Tidef {rF- Str+3 Stlth+}
 57025 | Vaults:5 | Found the +8 mithril axe "Arga" {speed, Will+}
 57111 | Vaults:5 | Got the Precepts of Attacks
 57115 | Vaults:5 | Got a silver rune of Zot
 57118 | Vaults:5 | Identified the ring "Xite" {^Drain Fly rF+ Str+6 Int+4}
 57123 | Vaults:5 | Identified the ring "Fyppeobb" {Ice *Corrode rElec Str+4}
 57211 | Vaults:5 | Identified the +5 great sword "Ovaves" {holy, rPois}
 57707 | Orc:2    | Bought an amulet of reflection for 330 gold pieces
 58008 | Slime:1  | Entered Level 1 of the Pits of Slime
 58341 | Slime:2  | Received a gift from Okawaru
 58486 | Slime:4  | Reached XP level 25. HP: 256/257 MP: 35/35
 59171 | Slime:5  | Entered Level 5 of the Pits of Slime
 59427 | Slime:4  | Received a gift from Okawaru
 60091 | Slime:5  | Noticed the Royal Jelly
 60093 | Arena    | Entered the Arena
 60104 | Arena    | Killed the Royal Jelly
 60104 | Arena    | Received a gift from Okawaru
 60301 | Slime:5  | Identified the +0 troll leather armour of Generosity {rElec
                  | Regen+}
 60325 | Slime:5  | Identified the +1 robe "Oxtoemn" {Int+4}
 60328 | Slime:5  | Identified the +2 plate armour of Macaroni {Str+5 Int-3
                  | Dex+4}
 60342 | Slime:5  | Identified the +3 scimitar of the Sugar Beet {flame, rF+}
 60349 | Slime:5  | Identified the +0 rapier "Ybby" {freeze, rPois Will+ Str-4
                  | Dex+2}
 60353 | Slime:5  | Got a slimy rune of Zot
 60392 | Slime:5  | Identified the +0 chain mail of Ethics {Int+6 Dex-4 SInv
                  | Stlth+}
 60737 | Temple   | Fell from the grace of Okawaru
 60737 | Temple   | Became a worshipper of the Shining One
 60899 | D:11     | Killed yakattack's ghost
 61078 | D:14     | Killed Qymaymp's ghost
 61381 | Swamp:3  | Killed pleonasm's ghost
 61397 | Swamp:3  | Got the Incunable of Massed Maleficia
 61650 | Snake:4  | Killed Seits's ghost
 61657 | Snake:4  | Identified the +2 helmet "Declutups" {Harm}
 62056 | Elf:1    | Killed Deoplod's ghost
 62071 | Elf:1    | Got Tokhlu Moink's Guide on Excavation and the Gang
 62391 | Depths:4 | Killed Polaczum's ghost
 62688 | Crypt:1  | Entered Level 1 of the Crypt
 62739 | Crypt:1  | Reached * piety under the Shining One
 62788 | Crypt:1  | Reached ** piety under the Shining One
 62839 | Crypt:1  | Noticed Boris
 62844 | Crypt:1  | Reached *** piety under the Shining One
 62852 | Crypt:1  | Killed Boris
 62934 | Crypt:1  | Reached **** piety under the Shining One
 63463 | Crypt:2  | Reached ***** piety under the Shining One
 63888 | Crypt:2  | Reached ****** piety under the Shining One
 64564 | Lair:1   | Identified a +9 broad axe of holy wrath (a +7 heavy broad
                  | axe blessed by the Shining One)
 64564 | Lair:1   | Received a gift from the Shining One
 64904 | Crypt:3  | Entered Level 3 of the Crypt
 64907 | Crypt:3  | Noticed Jory
 64931 | Crypt:3  | Reached XP level 26. HP: 266/266 MP: 35/35
 64957 | Crypt:3  | Killed Jory
 65942 | Crypt:3  | Found a staircase to the Tomb.
 66005 | Crypt:3  | Identified the +5 war axe of Chaos {freeze, rN++ Str-5
                  | Dex+3 Stlth+}
 66005 | Crypt:3  | Identified the ring of the Supporting Gods {rPois rF++ rC++
                  | rN+ Will-}
 66053 | Crypt:3  | Identified the staff "Toiner" {Dex+4 Conj}
 66053 | Crypt:3  | Identified the ring of Cainn {Will+ Dex+6}
 66348 | Crypt:3  | Found a basalt altar of Yredelemnul.
 66351 | Crypt:3  | Identified the staff "Moz Argh" {rPois rF+ Conj Air
                  | Alchemy}
 66355 | Crypt:3  | Found an ancient bone altar of Kikubaaqudgha.
 66387 | Crypt:3  | Identified the ring of Cukaxuos {rN+ Int+4}
 66910 | Lair:2   | Was forgiven by Okawaru
 67087 | Lair:5   | Voluntarily entered the Abyss.
 67224 | Abyss:2  | Found a corrupted altar of Lugonu.
 67390 | Abyss:4  | Found a corrupted altar of Lugonu.
 67587 | Abyss:4  | Paralysed by accursed screaming for 1 turns
 67714 | Abyss:4  | Got an abyssal rune of Zot
 67895 | Lair:5   | Escaped the Abyss
 68338 | Pan      | Entered Pandemonium
 68392 | Pan      | Found a runed translucent door.
 68394 | Pan      | Found a runed translucent door.
 68404 | Pan      | Noticed Peatupom the pandemonium lord
 68407 | Pan      | Reached skill level 27 in Armour
 68422 | Pan      | Killed Peatupom the pandemonium lord
 68423 | Pan      | Reached XP level 27. HP: 273/273 MP: 36/36
 68425 | Pan      | Found a runed translucent door.
 68427 | Pan      | Found a runed translucent door.
 68461 | Pan      | Entered the realm of Cerebov.
 68541 | Pan      | Found the +6 sword of Cerebov {flame}
 68541 | Pan      | Noticed Cerebov
 68567 | Pan      | Killed Cerebov
 68612 | Pan      | Got a fiery rune of Zot
 68701 | Pan      | Identified the ring of Jiloeq {rF+ Will+}
 68705 | Pan      | Identified the +1 short sword of Teliwes {venom, Str+2}
 68710 | Pan      | Identified the +5 fire dragon scales "Nity" {rF++ rC- MP+9
                  | Slay+3}
 68767 | Pan      | Identified the ring of Doubts {Fire Str-5 SInv Stlth+}
 69425 | Pan      | Found a runed translucent door.
 69429 | Pan      | Found a runed translucent door.
 69436 | Pan      | Found a runed translucent door.
 69436 | Pan      | Found a runed translucent door.
 69938 | Pan      | Noticed Wimam the pandemonium lord
 69945 | Pan      | Killed Wimam the pandemonium lord
 70022 | Pan      | Reached skill level 27 in Shields
 70461 | Pan      | Noticed Xatoaclo the pandemonium lord
 70467 | Pan      | Killed Xatoaclo the pandemonium lord
 71246 | Pan      | Noticed Nuek the pandemonium lord
 71273 | Pan      | Killed Nuek the pandemonium lord
 71383 | Pan      | Found an exit through the horrors of the Abyss.
 71904 | Pan      | Noticed Voump the pandemonium lord
 71917 | Pan      | Killed Voump the pandemonium lord
 72697 | Pan      | Noticed Tugulid the pandemonium lord
 72750 | Pan      | Killed Tugulid the pandemonium lord
 72844 | Pan      | Got a demonic rune of Zot
 73285 | Pan      | Entered the realm of Lom Lobon.
 73285 | Pan      | Noticed Lom Lobon
 73333 | Pan      | Killed Lom Lobon
 73404 | Pan      | Got a magical rune of Zot
 73528 | Pan      | Identified the +6 dagger of Skirmishing {protect, +Blink
                  | rCorr Int+5}
 74419 | Pan      | Entered the realm of Mnoleg.
 74741 | Pan      | Noticed Mnoleg
 74763 | Pan      | Killed Mnoleg
 74815 | Pan      | Got a glowing rune of Zot
 75113 | Pan      | Found an exit through the horrors of the Abyss.
 75244 | Pan      | Reached skill level 15 in Dodging
 75256 | Pan      | Noticed Hixeoxih the pandemonium lord
 75264 | Pan      | Killed Hixeoxih the pandemonium lord
 75605 | Pan      | Entered the realm of Gloorx Vloq.
 75664 | Pan      | Noticed Gloorx Vloq
 75674 | Pan      | Killed Gloorx Vloq
 75705 | Pan      | Got a dark rune of Zot
 75864 | Pan      | Reached skill level 27 in Invocations
 76040 | Pan      | Found an exit through the horrors of the Abyss.
 76465 | Pan      | Took an exit into the Abyss.
 76465 | Abyss:4  | Escaped into the Abyss
 76465 | Abyss:4  | Found a corrupted altar of Lugonu.
 76486 | Abyss:4  | Found a corrupted altar of Lugonu.
 76615 | Abyss:4  | Found a corrupted altar of Lugonu.
 76677 | Depths:2 | Escaped the Abyss
 77214 | Zot:1    | Entered Level 1 of the Realm of Zot
 77233 | Zot:1    | Reached skill level 1 in Summonings
 77592 | Zot:1    | Found a runed translucent gate.
 77592 | Zot:1    | Found a runed translucent gate.
 77592 | Zot:1    | Found a runed translucent gate.
 77595 | Zot:1    | Noticed an ancient lich
 77596 | Zot:1    | Noticed MrDizzy's ghost (veteran OnHs)
 78010 | Zot:1    | Killed an ancient lich
 78013 | Zot:1    | Killed MrDizzy's ghost
 78024 | Zot:1    | Identified the ring "Eneplyut" {^Drain +Blink rCorr AC+4
                  | Stlth+}
 79402 | Zot:3    | Found a transporter.
 79536 | Zot:3    | Found a transporter.
 81042 | Hell     | Entered the Vestibule of Hell
 81042 | Hell     | Noticed Geryon
 81058 | Hell     | Killed Geryon
 81145 | Hell     | Found a gateway to the Iron City of Dis.
 81216 | Hell     | Found a gateway to the ashen valley of Gehenna.
 81308 | Hell     | Found a gateway to the decaying netherworld of Tartarus.
 81438 | Hell     | Found a gateway to the freezing wastes of Cocytus.
 81503 | Coc:1    | Entered Level 1 of Cocytus
 81661 | Coc:2    | Noticed a dread lich
 81670 | Coc:2    | Killed a dread lich
 81908 | Coc:3    | Noticed a juggernaut
 81908 | Coc:3    | Noticed a juggernaut
 81926 | Coc:3    | Killed a juggernaut
 81926 | Coc:3    | Killed a juggernaut
 81959 | Coc:3    | Paralysed by a wendigo for 1 turns
 82542 | Coc:5    | Reached skill level 27 in Axes
 82747 | Coc:6    | Paralysed by a wendigo for 1 turns
 83191 | Coc:7    | Entered Level 7 of Cocytus
 83199 | Coc:7    | Paralysed by a wendigo for 1 turns
 83903 | Coc:7    | Paralysed by a wendigo for 1 turns
 84231 | Coc:7    | Reached skill level 27 in Throwing
 84249 | Coc:7    | Paralysed by a wendigo for 1 turns
 84420 | Coc:7    | Noticed Antaeus
 84457 | Coc:7    | Killed Antaeus
 84588 | Coc:7    | Got an icy rune of Zot
 84645 | Coc:7    | Identified the +7 long sword of Ryzomoar {freeze, *Noise
                  | Dex+4 SInv}
 84853 | Geh:1    | Entered Level 1 of Gehenna
 84885 | Geh:1    | Reached skill level 5 in Evocations
 85815 | Geh:5    | Noticed a dread lich
 85830 | Geh:5    | Killed a dread lich
 85907 | Geh:5    | Noticed a dread lich
 85918 | Geh:5    | Killed a dread lich
 86496 | Geh:7    | Entered Level 7 of Gehenna
 86740 | Geh:7    | Noticed the Serpent of Hell
 86775 | Geh:7    | Killed the Serpent of Hell
 86876 | Geh:7    | Reached skill level 10 in Evocations
 87799 | Geh:7    | Found the +13 sceptre of Asmodeus
 87799 | Geh:7    | Noticed Asmodeus
 87820 | Geh:7    | Killed Asmodeus
 87959 | Geh:7    | Got an obsidian rune of Zot
 88305 | Dis:1    | Entered Level 1 of the Iron City of Dis
 88524 | Dis:2    | Noticed a dread lich
 88534 | Dis:2    | Killed a dread lich
 88622 | Dis:3    | You are sucked into a shaft and drop 1 floor!
 89004 | Dis:5    | Reached skill level 27 in Dodging
 89434 | Dis:7    | Entered Level 7 of the Iron City of Dis
 89458 | Dis:7    | Reached skill level 15 in Evocations
 89862 | Dis:7    | Noticed a juggernaut
 89873 | Dis:7    | Killed a juggernaut
 90584 | Dis:7    | Noticed a juggernaut
 90596 | Dis:7    | Killed a juggernaut
 90632 | Dis:7    | Identified the +1 halberd "Ecwumun" {elec, rN+ Will+ SInv}
 90634 | Dis:7    | Identified the +4 dagger "Boegextytai" {drain, rElec rPois
                  | rCorr}
 91151 | Dis:7    | Noticed Dispater
 91152 | Dis:7    | Noticed a juggernaut
 91165 | Dis:7    | Killed a juggernaut
 91176 | Dis:7    | Killed Dispater
 91219 | Dis:7    | Identified the +3 plate armour of the Depths {rElec Int+3
                  | Slay+3}
 91231 | Dis:7    | Identified the ring "Atat" {Fly rF+ MP+9 Str+2 Stlth+}
 91236 | Dis:7    | Got an iron rune of Zot
 91757 | Snake:4  | Bought a potion of curing for 57 gold pieces
 91757 | Snake:4  | Bought a potion of cancellation for 152 gold pieces
 91757 | Snake:4  | Bought a potion of curing for 57 gold pieces
 92021 | Orc:2    | Bought a potion of curing for 39 gold pieces
 92021 | Orc:2    | Bought 2 potions of curing for 78 gold pieces
 92021 | Orc:2    | Bought a potion of berserk rage for 65 gold pieces
 92021 | Orc:2    | Bought a potion of magic for 104 gold pieces
 92021 | Orc:2    | Bought a potion of might for 52 gold pieces
 92021 | Orc:2    | Bought a potion of cancellation for 104 gold pieces
 92022 | Orc:2    | Bought a potion of curing for 48 gold pieces
 92022 | Orc:2    | Bought a potion of curing for 48 gold pieces
 92022 | Orc:2    | Bought a potion of curing for 48 gold pieces
 92022 | Orc:2    | Bought a potion of might for 64 gold pieces
 92022 | Orc:2    | Bought a potion of curing for 48 gold pieces
 92357 | Tar:1    | Entered Level 1 of Tartarus
 93124 | Tar:3    | Noticed an ancient lich
 93131 | Tar:3    | Killed an ancient lich
 93897 | Tar:5    | You fall into a shaft and drop 1 floor!
 94160 | Tar:7    | Entered Level 7 of Tartarus
 94264 | Tar:7    | Noticed a dread lich
 94268 | Tar:7    | Noticed a dread lich
 94277 | Tar:7    | Killed a dread lich
 94278 | Tar:7    | Killed a dread lich
 94338 | Tar:7    | Noticed an ancient lich
 94345 | Tar:7    | Killed an ancient lich
 94391 | Tar:7    | Identified the +9 ring mail "Askallusoz" {-Cast rF+ Str+4}
 94422 | Tar:7    | Identified the ring of Bushryree {*Corrode Fly rPois MP-9
                  | Slay+4}
 94712 | Tar:7    | Identified the staff of Vengeance {rC+ Will+ Int-5 Tloc
                  | Ice}
 94713 | Tar:7    | Identified the +2 leather armour of the Forsaken Thickets
                  | {rN++}
 94714 | Tar:7    | Identified the ring of Henotheism {rC- Int+6 Dex+2 SInv}
 94832 | Tar:7    | Identified the ring "Ikkikle" {Fly rPois Will- Dex+3
                  | Slay+6}
 94855 | Tar:7    | Identified the ring of Suspicion {rPois Dex+6}
 95017 | Tar:7    | Identified the +5 flail of Conformity {freeze, *Slow rPois
                  | rC+ Stlth+}
 95114 | Tar:7    | Noticed Ereshkigal
 95129 | Tar:7    | Killed Ereshkigal
 95251 | Tar:7    | Got a bone rune of Zot
 95964 | Tomb:1   | Entered Level 1 of the Tomb of the Ancients
 96318 | Tomb:1   | Noticed Boris
 96324 | Tomb:1   | Killed Boris
 96567 | Tomb:1   | Noticed a royal mummy
 96579 | Tomb:1   | Killed a royal mummy
 97031 | Tomb:2   | Noticed Boris
 97031 | Tomb:2   | Noticed a royal mummy
 97032 | Tomb:2   | Noticed a royal mummy
 97040 | Tomb:2   | Killed Boris
 97043 | Tomb:2   | Noticed a royal mummy
 97048 | Tomb:2   | Killed a royal mummy
 97058 | Tomb:2   | Killed a royal mummy
 97058 | Tomb:2   | Noticed a royal mummy
 97065 | Tomb:2   | Killed a royal mummy
 97070 | Tomb:2   | Killed a royal mummy
 97516 | Tomb:1   | Noticed a royal mummy
 97520 | Tomb:1   | Noticed a royal mummy
 97524 | Tomb:1   | Killed a royal mummy
 97530 | Tomb:1   | Killed a royal mummy
 97618 | Tomb:1   | Noticed a royal mummy
 97621 | Tomb:1   | Noticed a royal mummy
 97624 | Tomb:1   | Killed a royal mummy
 97627 | Tomb:1   | Killed a royal mummy
 97631 | Tomb:1   | Noticed a royal mummy
 97638 | Tomb:1   | Killed a royal mummy
 97682 | Tomb:1   | Noticed a royal mummy
 97689 | Tomb:1   | Noticed a royal mummy
 97698 | Tomb:1   | Killed a royal mummy
 97704 | Tomb:1   | Killed a royal mummy
 97707 | Tomb:1   | Noticed a royal mummy
 97709 | Tomb:1   | Gained mutation: You are strong-willed. (Will+) [mutagenic
                  | glow]
 97714 | Tomb:1   | Gained mutation: Your body often deteriorates upon taking
                  | damage. [mutagenic glow]
 97720 | Tomb:1   | Gained mutation: You sometimes lose your temper in combat.
                  | [mutagenic glow]
 97721 | Tomb:1   | Killed a royal mummy
 97927 | Tomb:1   | Noticed a royal mummy
 97940 | Tomb:1   | Killed a royal mummy
 97962 | Tomb:1   | Noticed a royal mummy
 97965 | Tomb:1   | Noticed a royal mummy
 97972 | Tomb:1   | Killed a royal mummy
 97975 | Tomb:1   | Killed a royal mummy
 98187 | Tomb:1   | Noticed a royal mummy
 98189 | Tomb:1   | Noticed a royal mummy
 98190 | Tomb:1   | Noticed a royal mummy
 98196 | Tomb:1   | Killed a royal mummy
 98201 | Tomb:1   | Killed a royal mummy
 98201 | Tomb:1   | Killed a royal mummy
 98201 | Tomb:1   | HP: 12/273 [torment (4)]
 98501 | Tomb:1   | Noticed a royal mummy
 98514 | Tomb:1   | Killed a royal mummy
 99006 | Tomb:2   | HP: 12/273 [mummy priest/divine providence (11)]
 99513 | Tomb:3   | Entered Level 3 of the Tomb of the Ancients
 99532 | Tomb:3   | Noticed a royal mummy
 99543 | Tomb:3   | Killed a royal mummy
 99547 | Tomb:3   | Noticed a royal mummy
 99549 | Tomb:3   | Noticed a royal mummy
 99580 | Tomb:3   | Noticed a royal mummy
 99593 | Tomb:3   | Killed a royal mummy
 99600 | Tomb:3   | Killed a royal mummy
 99601 | Tomb:3   | Reached skill level 27 in Evocations
 99605 | Tomb:3   | Killed a royal mummy
 99606 | Tomb:3   | Reached skill level 1 in Spellcasting
 99609 | Tomb:3   | Noticed a royal mummy
 99618 | Tomb:3   | Killed a royal mummy
 99713 | Tomb:2   | Lost mutation: Your body often deteriorates upon taking
                  | damage. [potion of mutation]
 99713 | Tomb:2   | Lost mutation: You are strong-willed. (Will+) [potion of
                  | mutation]
 99713 | Tomb:2   | Gained mutation: Your system is resistant to poisons.
                  | (rPois) [potion of mutation]
 99713 | Tomb:2   | Gained mutation: You have hidden genetic potential. [potion
                  | of mutation]
 99714 | Tomb:2   | Lost mutation: You sometimes lose your temper in combat.
                  | [potion of mutation]
 99714 | Tomb:2   | Lost mutation: Your system is resistant to poisons. (rPois)
                  | [potion of mutation]
 99714 | Tomb:2   | Gained mutation: You are frail. (-10% HP) [potion of
                  | mutation]
 99714 | Tomb:2   | Gained mutation: You are clumsy. (Dex -2) [potion of
                  | mutation]
 99714 | Tomb:2   | Gained mutation: You sometimes lose your temper in combat.
                  | [potion of mutation]
 99815 | Tomb:2   | Lost mutation: You are clumsy. (Dex -2) [potion of
                  | mutation]
 99815 | Tomb:2   | Lost mutation: Your body sometimes deteriorates upon taking
                  | damage. [potion of mutation]
 99815 | Tomb:2   | Gained mutation: Your muscles are strong. (Str +4, Int/Dex
                  | -1) [potion of mutation]
 99815 | Tomb:2   | Lost intelligence.
 99815 | Tomb:2   | Gained mutation: You are dopey. (Int -2) [potion of
                  | mutation]
 99815 | Tomb:2   | Gained mutation: You expend magic power (3 MP) to
                  | strengthen your wands. [potion of mutation]
 99815 | Tomb:2   | Gained mutation: You are strong-willed. (Will+) [potion of
                  | mutation]
 99819 | Tomb:2   | Lost mutation: You are strong-willed. (Will+) [potion of
                  | mutation]
 99819 | Tomb:2   | Lost mutation: You expend magic power (3 MP) to strengthen
                  | your wands. [potion of mutation]
 99819 | Tomb:2   | Lost mutation: Your muscles are strong. (Str +4, Int/Dex
                  | -1) [potion of mutation]
 99819 | Tomb:2   | Gained mutation: Your health recovers twice as slowly from
                  | being drained. [potion of mutation]
 99820 | Tomb:2   | Lost mutation: Your health recovers twice as slowly from
                  | being drained. [potion of mutation]
 99820 | Tomb:2   | Lost mutation: You are dopey. (Int -2) [potion of mutation]
 99820 | Tomb:2   | Lost mutation: You are frail. (-10% HP) [potion of
                  | mutation]
 99820 | Tomb:2   | Gained mutation: You expend magic power (3 MP) to
                  | strengthen your wands. [potion of mutation]
 99820 | Tomb:2   | Gained mutation: You are partially covered in iridescent
                  | scales. (AC +2) [potion of mutation]
 99821 | Tomb:2   | Lost mutation: You are partially covered in iridescent
                  | scales. (AC +2) [potion of mutation]
 99821 | Tomb:2   | Lost mutation: You have hidden genetic potential. [potion
                  | of mutation]
 99821 | Tomb:2   | Lost mutation: You sometimes lose your temper in combat.
                  | [potion of mutation]
 99821 | Tomb:2   | Gained mutation: Your mind is acute. (Int +4, Str/Dex -1)
                  | [potion of mutation]
 99821 | Tomb:2   | Gained mutation: Your flesh is heat resistant. (rF+)
                  | [potion of mutation]
 99844 | Tomb:3   | Noticed a royal mummy
 99847 | Tomb:3   | Noticed a royal mummy
 99850 | Tomb:3   | Killed a royal mummy
 99852 | Tomb:3   | Noticed a royal mummy
 99853 | Tomb:3   | Noticed a royal mummy
 99873 | Tomb:3   | Killed a royal mummy
100096 | Tomb:3   | Reached skill level 5 in Spellcasting
100097 | Tomb:3   | Killed a royal mummy
100103 | Tomb:3   | Killed a royal mummy
100279 | Tomb:3   | Identified the +6 scale mail of the Eight Boll Weevils {rC+
                  | Regen+ Slay+3}
100281 | Tomb:3   | Identified the +5 morningstar "Transmigrator" {elec, rF+
                  | Int+3}
100290 | Tomb:3   | Identified the +4 rapier of Charity {heavy, rF+ rC+ Str+3}
100293 | Tomb:3   | Identified the +9 mace of Tegeqix {freeze, rN+ Will+}
100326 | Tomb:3   | Identified the +8 falchion "Ogreslayer" {spect, ^Fragile
                  | rPois rC+ rN+}
100713 | Tomb:3   | Got a golden rune of Zot
101397 | Zot:5    | Entered Level 5 of the Realm of Zot
102211 | Zot:5    | Noticed an orb of fire
102214 | Zot:5    | Noticed a dread lich
102217 | Zot:5    | Killed an orb of fire
102225 | Zot:5    | Killed a dread lich
102229 | Zot:5    | Noticed an orb of fire
102230 | Zot:5    | Noticed an orb of fire
102233 | Zot:5    | Killed an orb of fire
102233 | Zot:5    | Gained mutation: You occasionally lose the ability to read
                  | scrolls when taking damage. [an orb of fire]
102234 | Zot:5    | Killed an orb of fire
102237 | Zot:5    | Noticed an orb of fire
102241 | Zot:5    | Noticed an orb of fire
102251 | Zot:5    | Killed an orb of fire
102256 | Zot:5    | Killed an orb of fire
102263 | Zot:5    | Noticed an ancient lich
102303 | Zot:5    | Killed an ancient lich
102304 | Zot:5    | Reached skill level 10 in Spellcasting
102489 | Zot:5    | Noticed an ancient lich
102500 | Zot:5    | Killed an ancient lich
102702 | Zot:5    | Noticed a dread lich
102711 | Zot:5    | Killed a dread lich
102750 | Zot:5    | Acquired the amulet "Rauggo Jaqa" {rC+ Regen+ Int+2}
103018 | Zot:5    | Got the Orb of Zot
103697 | D:1      | Lost mutation: You occasionally lose the ability to read
                  | scrolls when taking damage. [potion of mutation]
103697 | D:1      | Lost mutation: You expend magic power (3 MP) to strengthen
                  | your wands. [potion of mutation]
103697 | D:1      | Lost mutation: Your mind is acute. (Int +4, Str/Dex -1)
                  | [potion of mutation]
103697 | D:1      | Gained mutation: You are occasionally teleported next to
                  | monsters. [potion of mutation]
103698 | D:1      | Lost mutation: You are occasionally teleported next to
                  | monsters. [potion of mutation]
103698 | D:1      | Lost mutation: Your flesh is heat resistant. (rF+) [potion
                  | of mutation]
103698 | D:1      | Gained mutation: Your system is resistant to poisons.
                  | (rPois) [potion of mutation]
103700 | D:$      | Escaped with the Orb!

Illustrated notes

Levels and vault maps discovered:
D:1:      dpeg_arrival_arbitrary_a, layout_loops_ring
D:2:      layout_rooms, hellmonk_ecumenical_altar_lost_god, minmay_octomino_e4
D:3:      layout_basic, nicolae_qazlal_eye_of_the_storm, gup_sewer_entry_bowl,
          minmay_misc_feat_x
D:4:      layout_loops_ring, serial_bayou_pond_c, nicolae_zen_rock_garden
D:5:      gammafunk_wand_slinger, layout_basic, minmay_temple_entry_junction_2,
          serial_rivers, chequers_serial_rivers_small_3,
          chequers_serial_rivers_micro_b, chequers_serial_rivers_small_b,
          chequers_serial_rivers_small_3, chequers_serial_rivers_micro_c,
          uniq_blork_the_orc, uniq_duvessa, uniq_crazy_yiuf_cottage
D:6:      layout_loops_ring, lemuel_coloured_pillars_altar,
          minmay_misc_feat_room, uniq_menkaure
D:7:      wander_river, layout_rooms, amcnicky_altar_gilded, serial_shops,
          nicolae_shop_window_shopping
D:8:      kennysheep_ambush_hall, layout_loops_cross,
          grunt_temple_overflow_champion_of_chaos, zin_purify,
          hellmonk_sif_muna_bookshelves, erik_lair_orcish_takeover,
          nicolae_twisty_statue_hallways
D:9:      layout_basic, elyvilon_altar_4, minmay_orc_keep
D:10:     layout_irregular_city, overflow_temple_1_default,
          gammafunk_temple_overflow_wave, orc_0_dummy, serial_shops, shop,
          nicolae_shop_hallway_plus, nicolae_shop_hallway_plus,
          nicolae_shop_hallway_stairs, laboratory
D:11:     layout_cave_pods, gammafunk_ghost_ooze, uniq_snorg, uniq_fannar
D:12:     layout_small_grid, uniq_erolcha
D:13:     layout_roguey, david_vaults_5, dancing_weapons_uskayaw, uniq_nessos
D:14:     layout_gridville, gammafunk_ghost_hydra_chop, serial_park_square3
          [serial_park_minivault_5x5_4], nrook_campfire, okawaru_metal_pillars_3
D:15:     grunt_enter_depths_magical_seal, layout_gridville, chequers_big_river,
          nicolae_zig_zag_zippers
Temple:   minmay_freezing_vapour_temple
Lair:1:   layout_hall_layers, serial_bayou_pond_e, dreamdust_mushroom_princess,
          lemuel_fruit_tree
Lair:2:   layout_chaotic_city, alex1729_swamp_entry_worm_eleionoma,
          nicolae_snake_entry_squirm
Lair:3:   layout_chaotic_city
Lair:4:   layout_regular_city
Lair:5:   hellmonk_lair_end_abyssal_woods, layout_concentric_octagons,
          minmay_slime_entry_jelly_boxes, uniq_sonja
Swamp:1:  layout_basic_swamp, nicolae_swamp_stuck_in_the_mud, swamp_pool_5
Swamp:2:  layout_falls_marsh, hangedman_swamp_ruin_wall, swamp_pool_5,
          uniq_louise
Swamp:3:  layout_basic_swamp, gammafunk_ghost_split,
          evilmike_swamp_ruin_house_2, swamp_pool_1_2,
          nicolae_swamp_round_clearing, nicolae_swamp_big_swirl
Swamp:4:  swamp_pestilence, layout_basic_swamp
Snake:1:  layout_layer_cave
Snake:2:  layout_onion_interference, nicolae_snake_gridmaze_waves,
          nicolae_shop_firing_range
Snake:3:  layout_rooms, uniq_aizul, uniq_vashnia
Snake:4:  snake_pit, layout_basic, gammafunk_ghost_berserking_beasts,
          serial_shops, nicolae_shop_hallway_plus, serial_bayou_lake_a
Slime:1:  layout_caves
Slime:2:  layout_caves, uniq_donald
Slime:3:  layout_caves
Slime:4:  layout_caves
Slime:5:  slime_pit_nicolae_royal_road_to_ruin
Orc:1:    layout_caves, dreamdust_deal_with_the_devil, uniq_jorgrun
Orc:2:    st_orc_ogre_mass, layout_diamond_mine, serial_shops,
          nicolae_shop_crystal, basic_altar, uniq_saint_roka
Elf:1:    layout_loops_corners, gammafunk_ghost_split,
          nicolae_elf_shapeshifter_party, hangedman_elf_simple_split,
          solitary_fountain, hex_medium, hangedman_summoners_spam
Elf:2:    elven_hall_of_blades_hangedman_original [grunt_blade_entry_basic],
          layout_loops_ring, serial_shops, shop, dreamdust_princess_bridge
Elf:3:    minmay_elf_hall_x, layout_geoelf_octagon, hangedman_glass_teeth
Vaults:1: ontoclasm_vaults_shuriken, v_misc_5,
          nicolae_vaults_door_testing_chamber, vaults_room_corners,
          nicolae_vaults_puzzle_piece, nicolae_vaults_storage_closets_2,
          hangedman_vaults_slither, st_smaller_cells, vaults_mumra_lcd,
          nicolae_vaults_little_squares_2, layout_vaults_maze_snakey,
          serial_shops, nicolae_shop_temple_entry_statues_fountains
Vaults:2: lightli_enter_wizlab_magi_temple, nicolae_vaults_network_square,
          nicolae_vaults_oozy_zoo, ontoclasm_vaults_hangar, vaults_dpeg_cross,
          nicolae_vaults_variable_pillar_hall, layout_vaults_quadrants
Vaults:3: v_rooms_2, nicolae_vaults_circle_grid_a, vaults_room_fours,
          nicolae_vaults_prndl, nicolae_vaults_ninety_degrees, v_pattern_4,
          nicolae_vaults_angled_halls, nicolae_vaults_security_offices_1,
          layout_vaults_chaotic_city, dummy_crypt_entry
Vaults:4: gammafunk_ghost_abyssal_escape, grunt_vaults_trifunnel, v_rooms_4,
          v_misc_12, vaults_room_pool, nicolae_vaults_trapezoid_4,
          ontoclasm_vaults_ligature, nicolae_vaults_trapezoid_lopsided_4,
          nicolae_vaults_big_ls, nicolae_vaults_diamond_2,
          nicolae_vaults_enemy_cabinets, v_alt_pattern_4,
          nicolae_vaults_stepped_doors, nicolae_vaults_surprise_closet,
          nicolae_vaults_house_2, nicolae_vaults_little_squares_4,
          layout_vaults_big_cross
Vaults:5: uniq_frederick, uniq_boris
Crypt:1:  layout_basic
Crypt:2:  layout_basic, serial_sigils, serial_sigils_hangedman_shear,
          serial_sigils_hangedman_confine, serial_sigils_hangedman_leer,
          serial_sigils_hangedman_carve, serial_sigils_hangedman_etch
Crypt:3:  lightli_unholy_cathedral, layout_chaotic_city,
          tomb_entry_sphere_bobbens, nicolae_crypt_crumbling_hall,
          nicolae_crypt_ex-fountain, uniq_jory
Tomb:1
Tomb:2
Tomb:3
Depths:1: layout_gridlike, lightli_too_deep, chequers_serial_rivers_large_a,
          nicolae_abyss_entry_one_way_or_another, nicolae_custom_books,
          minmay_misc_feat_ornament, minmay_misc_feat_encased,
          hellmonk_guarded_unrand_rift, uniq_enchantress
Depths:2: hangedman_pleasuredromes, pan_entry, hell_entry
Depths:3: cheibrodos_spurs, layout_basic, abyss_entry,
          nicolae_hell_entry_big_baal_hell, nzn_wu_jian_contemplation,
          kennysheep_diamond, minmay_shoptagon, uniq_norris
Depths:4: lemuel_castle_with_subvaults [lemuel_castle_interior_original],
          layout_gridlike, hell_entry, abyss_entry_glasseish,
          gammafunk_ghost_grave, grunt_megastairs_4
Hell
Dis:1:    layout_regular_city
Dis:2:    layout_gridville, nicolae_dis_grated_feature
Dis:3:    layout_subdivisions, hangedman_dis_chains
Dis:4:    layout_jigsaw
Dis:5:    layout_gridville
Dis:6:    layout_regular_city
Dis:7:    dis_hangedman
Geh:1:    layout_gehenna_lava_caves, nicolae_hells_seeping_fissure
Geh:2:    layout_gehenna_lava_caves
Geh:3:    layout_gehenna_pools_basic
Geh:4:    nicolae_geh_split_lavaduct, layout_gehenna_pools_basic
Geh:5:    nicolae_geh_tyrants_menagerie, layout_gehenna_pools_basic
Geh:6:    layout_gehenna_lava_caves
Geh:7:    geh_hangedman
Coc:1:    layout_cocytus_water_paths
Coc:2:    layout_ice_bergs, serial_ice, serial_ice_c, serial_ice_f, serial_ice_h
Coc:3:    layout_ice_bergs, tekkud_coc_lazy_river
Coc:4:    layout_ice_bergs
Coc:5:    layout_ice_bergs
Coc:6:    layout_cocytus_water_paths
Coc:7:    coc_grunt_cove [coc_grunt_cove_antaeus, coc_grunt_cove_fiend,
          coc_grunt_cove_fiend, coc_grunt_cove_fiend, coc_grunt_cove_fiend]
Tar:1:    layout_catacombs
Tar:2:    layout_cathedral_of_symmetry, nicolae_hells_fiendish_ambush
Tar:3:    layout_cathedral_of_symmetry
Tar:4:    layout_grid_maze, nicolae_tar_cuneiform_heaven,
          nicolae_tar_cuneiform_water
Tar:5:    layout_honeycomb
Tar:6:    layout_catacombs
Tar:7:    tar_old
Zot:1:    layout_concentric_octagons, gammafunk_ghost_necromancy
Zot:2:    layout_twisted_circle, nicolae_tricolors, grunt_megastairs_2
Zot:3:    gammafunk_sealed_arena, layout_twisted_circle,
          regret_index_zotdec_stipple_waver, bh_zot_lava_cross
Zot:4:    layout_cellular_growth
Zot:5:    layout_gridlike

Skill      XL: |  1  2  3  4  5  6  7  8  9 10 11 12 13 14 15 16 17 18 19 20 21 22 23 24 25 26 27 |
---------------+----------------------------------------------------------------------------------+-----
Armour         | 1 2 3 4 5 7 8 9 10 12 14 15 16 17 18 20 21 22 24 25 27 | 27.0
Axes           | 4 5 6 7 9 10 12 13 15 16 18 19 27 | 27.0
Fighting       | 3 4 5 6 8 10 12 13 15 17 18 20 21 22 23 24 25 27 | 27.0
Dodging        | 4 5 7 8 10 27 | 27.0
Shields        | 4 5 6 8 10 12 14 15 16 18 19 20 21 23 25 26 27 | 27.0
Throwing       | 3 5 6 7 8 9 11 14 15 17 19 20 21 27 | 27.0
Evocations     | 1 3 27 | 27.0
Invocations    | 2 4 6 7 9 11 12 13 14 15 16 18 19 21 27 | 27.0
Summonings     | 6 |  6.1
Spellcasting   | 12 | 12.4

Action                     |  1- 3 |  4- 6 |  7- 9 | 10-12 | 13-15 | 16-18 | 19-21 | 22-24 | 25-27 || total
---------------------------+-------+-------+-------+-------+-------+-------+-------+-------+-------++-------
  Melee: War axe           |    49 |    74 |   104 |       |  1102 |   704 |       |       |       ||  2033
         Headbutt          |     6 |     7 |    66 |   179 |   394 |   363 |   407 |   545 |  2517 ||  4484
         Punch             |       |     1 |     3 |       |       |       |       |       |       ||     4
         Hand axe          |       |       |   197 |   669 |   304 |       |       |       |       ||  1170
         Whip              |       |       |       |     6 |    41 |       |       |       |       ||    47
         Broad axe         |       |       |       |       |       |   774 |  1274 |  1538 |  6414 || 10000
  Throw: Dart              |       |       |     6 |    13 |    39 |       |       |       |       ||    58
         Boomerang         |       |       |       |       |       |     3 |    76 |    16 |   161 ||   256
         Javelin           |       |       |       |       |       |       |     8 |     3 |   102 ||   113
         Throwing net      |       |       |       |       |       |       |       |       |     1 ||     1
 Invoke: Heroism           |       |       |       |     1 |     1 |       |       |     1 |       ||     3
         Finesse           |       |       |       |       |     1 |     4 |       |     3 |     1 ||     9
         Duel              |       |       |       |       |       |     3 |     1 |       |     1 ||     5
         Receive Weapon    |       |       |       |       |       |     1 |       |       |       ||     1
         Receive Armour    |       |       |       |       |       |       |     1 |       |       ||     1
         Brand Weapon With |       |       |       |       |       |       |       |       |     1 ||     1
         Cleansing Flame   |       |       |       |       |       |       |       |       |    96 ||    96
         Divine Shield     |       |       |       |       |       |       |       |       |    16 ||    16
         Summon Divine War |       |       |       |       |       |       |       |       |     6 ||     6
  Evoke: Wand              |       |       |     4 |     8 |     6 |     1 |       |       |    11 ||    30
    Use: Scroll            |       |       |     9 |     8 |     3 |    11 |     1 |    12 |    21 ||    65
         Potion            |       |       |       |     1 |     2 |     5 |       |     1 |    20 ||    29
   Stab: Sleeping          |       |       |     1 |       |       |       |       |       |       ||     1
         Petrified         |       |       |       |       |       |       |     1 |       |       ||     1
         Distracted        |       |       |       |       |       |       |       |     1 |       ||     1
 Armour: Leather armour    |    19 |       |       |       |       |       |       |       |       ||    19
         Robe              |    12 |    37 |   103 |       |       |       |       |       |       ||   152
         Scale mail        |       |       |    59 |   255 |   162 |       |       |       |       ||   476
         Chain mail        |       |       |       |       |   220 |       |   425 |   730 |       ||  1375
         Plate armour      |       |       |       |       |   120 |  1016 |   207 |       |       ||  1343
         Gold dragon scale |       |       |       |       |       |       |       |    24 |  2706 ||  2730
  Dodge: Dodged            |    41 |    57 |   203 |   480 |   901 |   673 |   295 |   396 |  1243 ||  4289
  Block: Buckler           |       |       |    36 |   131 |   190 |       |       |       |       ||   357
         Kite shield       |       |       |       |       |   249 |   856 |    44 |       |       ||  1149
         Reflection        |       |       |       |       |    14 |   113 |     4 |     4 |   275 ||   410
         Tower shield      |       |       |       |       |       |       |  1160 |  1624 |  7394 || 10178
